 Dungeon Crawl Stone Soup version 0.24.1-14-gf8d2b509d9 (webtiles) character file.

Game seed: 9515024422995436045, levelgen mode: deterministic

809 Hugehornet the Sneak (level 7, -1/45 HPs)
             Began as an Octopode Transmuter on May 17, 2020.
             Slain by an ogre
             ... wielding a +0 giant club
              (7 damage)
             ... on level 5 of the Dungeon.
             The game lasted 00:17:54 (6329 turns).

Hugehornet the Sneak (Octopode Transmuter)          Turns: 6329, Time: 00:17:55

Health: -1/45      AC:  2    Str:  9    XL:     7   Next: 92%
Magic:  8/10       EV: 18    Int: 23    God:
Gold:   269        SH:  0    Dex: 21    Spells: 0/10 levels left

rFire    + . .     SeeInvis +     - Unarmed
rCold    . . .     Gourm    .   (shield currently unavailable)
rNeg     . . .     Faith    .   (helmet currently unavailable)
rPois    x         Spirit   .   (no amulet)
rElec    .         Reflect  .   n - +4 ring of intelligence
rCorr    .         Harm     .   l - ring of flight
MR       .....                  v - +3 ring of dexterity
Stlth    +++.......             w - ring of protection from fire
HPRegen  0.15/turn              x - ring of see invisible
MPRegen  0.12/turn              (no ring)
                                (no ring)
                                (no ring)

@: spider-form (expiring), heavily drained
A: tiny, almost no armour, stealthy swim, (amphibious), 8 rings, (constrict 8),
clever 1
a: End Transformation, Evoke Flight


You were on level 5 of the Dungeon.
You were not hungry.
You were a venomous arachnid creature.
You visited 1 branch of the dungeon, and saw 5 of its levels.
You also visited: Sewer.

You collected 269 gold pieces.

Inventory:

Missiles
 a - 50 arrows
Armour
 i - a +2 buckler
Jewellery
 l - a ring of flight (right front leg)
 n - a +4 ring of intelligence (left front leg)
 v - a +3 ring of dexterity (on tentacle)
 w - a ring of protection from fire (on tentacle)
 x - a ring of see invisible (on tentacle)
 z - an uncursed amulet of harm
Wands
 d - a wand of random effects (14)
Scrolls
 b - a scroll of remove curse
 e - a scroll of enchant armour {unknown}
 g - 2 scrolls of magic mapping
 h - 2 scrolls of teleportation {unknown}
 k - 2 scrolls of fear {unknown}
 m - a scroll of enchant weapon {unknown}
 o - a scroll of blinking {unknown}
 y - a scroll of immolation {unknown}
 A - 3 scrolls of amnesia {unknown}
Potions
 f - a potion of resistance
 j - 4 potions of lignification
 p - 2 potions of agility
 q - 3 potions of curing
 r - 2 potions of heal wounds
 s - 2 potions of might
 t - 2 potions of brilliance
 u - a potion of berserk rage {unknown}
Comestibles
 c - 10 rations


   Skills:
 + Level 2.4(1.1) Fighting
 - Level 2.0(0.7) Dodging
 - Level 6.2(4.8) Stealth
 - Level 3.4(2.1) Shields
 - Level 3.0(1.7) Unarmed Combat
 - Level 2.0(0.7) Spellcasting
 - Level 3.0(1.7) Transmutations
 - Level 3.0(1.7) Ice Magic
 - Level 3.0(1.7) Poison Magic
 - Level 3.0(1.7) Evocations


You couldn't memorise any spells.
You knew the following spells:

 Your Spells              Type           Power        Failure   Level  Hunger
a - Beastly Appendage     Tmut           #.....       21%         1    ##.....
b - Sticks to Snakes      Tmut           #.......     26%         2    ###....
c - Spider Form           Tmut/Pois      #.........   43%         3    ####...
d - Ice Form              Ice/Tmut       #.......     77%         4    #####..

Your spell library contained the following spells:

 Spells                   Type           Power        Failure   Level  Hunger
 Blade Hands              Tmut           #.........   97%         5    ######.


Dungeon Overview and Level Annotations

Branches:
Dungeon (5/15)              Sewer (visited)
 Temple: D:4-7

Altars:
Dithmenos
Elyvilon
Okawaru
Zin

Shops:
D:4 *


Innate Abilities, Weirdness & Mutations

You cannot wear most types of armour.
You are very stealthy in the water. (Stealth+)
((You are amphibious.))
You can wear up to eight rings at the same time.
((You can use your tentacles to constrict eight enemies at once.))
((Your skin changes colour to match your surroundings (Stealth+).))
((Your rubbery body absorbs attacks. (AC +1, EV +1)))
((You are partially covered in slimy green scales. (AC +2)))
Your mind is acute. (Int +2)


Message History

The ogre closely misses you.
You hit the ogre.
The ogre looks as sick as possible!
The ogre is lightly wounded.
You hit the ogre.
The ogre is moderately wounded.
The ogre hits you with a +0 giant club!
You hit the ogre.
The ogre looks as sick as possible!
The ogre is heavily wounded.
The ogre misses you.
You hit the ogre but do no damage.
The ogre looks as sick as possible!
The ogre is severely wounded.
The ogre hits you with a +0 giant club!!
Ouch! That really hurt!
* * * LOW HITPOINT WARNING * * *
You hit the ogre.
The ogre looks as sick as possible!
The ogre is severely wounded.
You barely miss the ogre.
The ogre is almost dead.
The ogre hits you with a +0 giant club!
You die...

.(...#
####........#.#
..[..#
#.............#
.....#
##.###.........+
.....###..#
##.....#.##
.........##
##......#
.....#####
###.##..## .....#
### #...##..####.#
######
.....#.####.......#
.?.....rOs...######
.<....#####.##
...... #.# .....#
#.# ..... #.# .....
### #


You could see an ogre and a quokka.

Vanquished Creatures
  A phantom (D:5)
  An ogre (D:5)
  2 big kobolds (Sewer)
  A bullfrog skeleton (D:4)
  A hound (D:5)
  Natasha (thrice) (D:2)
  2 worker ants (D:4)
  2 iguanas (D:5)
  A hound skeleton (D:4)
  Robin (D:2)
  9 adders
  2 shadow imps (D:5)
  2 oozes (Sewer)
  5 worms
  A dart slug (D:1)
  8 leopard geckos
  4 orcs
  10 giant cockroaches
  19 goblins
  14 hobgoblins
  2 quokkas
  2 ball pythons
  6 bats
  5 frilled lizards
  18 kobolds
  14 rats
136 creatures vanquished.

Notes
Turn   | Place    | Note
-------+----------+-------------------------------------------
     0 | D:1      | Hugehornet the Octopode Transmuter began the quest for the
                  | Orb.
     0 | D:1      | Reached XP level 1. HP: 13/13 MP: 3/3
   130 | D:1      | Reached skill level 1 in Stealth
   194 | D:1      | Reached skill level 2 in Stealth
   221 | D:1      | Reached XP level 2. HP: 18/18 MP: 3/5
   363 | D:1      | Reached skill level 3 in Stealth
   980 | D:1      | Reached XP level 3. HP: 19/23 MP: 4/6
  1149 | D:1      | Reached skill level 4 in Stealth
  1453 | D:2      | Learned a level 2 spell: Sticks to Snakes
  1457 | D:2      | Learned a level 3 spell: Spider Form
  1499 | D:2      | Noticed Natasha
  1507 | D:2      | Killed Natasha
  1507 | D:2      | Reached XP level 4. HP: 18/28 MP: 3/7
  1806 | D:2      | Noticed Natasha
  1815 | D:2      | Killed Natasha
  2255 | D:2      | Reached XP level 5. HP: 9/35 MP: 8/8
  2540 | D:2      | Noticed Robin
  2570 | D:2      | Killed Robin
  2676 | D:2      | Noticed Natasha
  2694 | D:2      | Killed Natasha
  2694 | D:2      | Reached skill level 5 in Stealth
  2783 | D:2      | Gained mutation: You have very sharp teeth. [potion of
                  | mutation]
  2784 | D:2      | Lost mutation: You have very sharp teeth. [potion of
                  | mutation]
  2784 | D:2      | Gained mutation: Your spells are a little harder to cast,
                  | but a little more powerful. [potion of mutation]
  2784 | D:2      | Lost mutation: Your spells are a little harder to cast, but
                  | a little more powerful. [potion of mutation]
  2784 | D:2      | Gained mutation: You are partially covered in slimy green
                  | scales. (AC +2) [potion of mutation]
  2784 | D:2      | Gained mutation: Your mind is acute. (Int +2) [potion of
                  | mutation]
  3530 | D:3      | Reached skill level 1 in Shields
  3530 | D:3      | Reached XP level 6. HP: 39/41 MP: 9/9
  3936 | D:3      | Found an iron altar of Okawaru.
  4240 | D:3      | Found a faded altar of an unknown god.
  4408 | D:4      | Reached skill level 1 in Evocations
  4431 | D:4      | Found a glowing drain.
  4435 | Sewer    | Entered a sewer
  4837 | Sewer    | Reached XP level 7. HP: 3/45 MP: 8/10
  5064 | D:4      | Found Zin's Purification Station.
  5064 | D:4      | Found a glowing silver altar of Zin.
  5083 | D:4      | Reached skill level 6 in Stealth
  5089 | D:4      | Learned a level 4 spell: Ice Form
  5093 | D:4      | Found a shadowy altar of Dithmenos.
  5111 | D:4      | You fall into a shaft and drop 1 floor!
  5111 | D:5      | Entered Level 5 of the Dungeon
  5206 | D:5      | Reached skill level 1 in Ice Magic
  5681 | D:4      | Found a white marble altar of Elyvilon.
  6329 | D:5      | Slain by an ogre

Levels and vault maps discovered:
D:1:      dpeg_arrival_concentric_ovals, layout_basic
D:2:      layout_basic, uniq_natasha, uniq_robin
D:3:      layout_basic, lemuel_doored_altar, chequers_ecumenical_altar_simple,
          minivault_26
D:4:      layout_basic, lemuel_coloured_pillars_altar, zin_purify,
          kennysheep_mini_moat, gup_sewer_entry_spiral, first_ration
D:5:      layout_rooms, minmay_temple_entry_enclosed_plants

Skill      XL: |  1  2  3  4  5  6  7 |
---------------+----------------------+-----
Stealth        | 2 3 4 5 6 |  6.2
Poison Magic   | 2 3 |  3.0
Fighting       | 2 |  2.4
Shields        | 1 2 3 |  3.4
Evocations     | 2 3 |  3.0
Ice Magic      | 3 |  3.0
Transmutations | 3 |  3.0
Dodging        | |  2.0
Unarmed Combat | |  3.0
Spellcasting   | |  2.0

Action                   |  1- 3 |  4- 6 |  7- 9 || total
-------------------------+-------+-------+-------++-------
Melee: Unarmed           |    60 |   193 |    90 ||   343
       Constrict         |    19 |    48 |    13 ||    80
       Kick              |    10 |    41 |    24 ||    75
       Tentacles         |     9 |    27 |    14 ||    50
       Punch             |     1 |     2 |       ||     3
 Cast: Beastly Appendage |    18 |    46 |    18 ||    82
       Spider Form       |       |     1 |     3 ||     4
       Sticks to Snakes  |       |       |     4 ||     4
  Use: Scroll            |     1 |     6 |     4 ||    11
       Potion            |       |     2 |     1 ||     3
 Stab: Sleeping          |     4 |    27 |     5 ||    36
  Eat: Chunk             |     2 |    12 |     4 ||    18
       Ration            |       |       |     1 ||     1
Armor: Skin              |     2 |    31 |     6 ||    39
Dodge: Dodged            |    40 |   124 |    50 ||   214
